Map: [ESL] Alcyone

Players

HeroMarine

  • Race: Terran Terran
  • Spawn Location: 1:00

SKillous - Winner!

  • Race: Protoss Protoss
  • League: Grandmaster
  • Spawn Location: 7:00

Event: HomeStory Cup XXIV

VOD

Have the link to the VOD?

Description

Time

  • Played on: Dec. 3, 2023, 2:05 p.m.
  • Length: 11:41

All games in this series

Show
View Real Time Build Order
Export as new Build Order

HeroMarine Terran 

Build Orders: Cyclone Opening 

Get SALT Encoding   

  12  0:00  SCV  
  13  0:12  SCV  
  14  0:17  Supply Depot  
  14  0:24  SCV  
  15  0:38  SCV  
  15  0:40  Barracks  
  15  0:42  Refinery  
  16  0:50  SCV  
  16  0:52  Refinery  
  17  1:02  SCV  
  18  1:14  SCV  
  19  1:27  Orbital Command, Reaper  
  19  1:28  Supply Depot  
  20  1:39  Factory  
  20  1:53  SCV  
  21  1:59  Reaper  
  22  2:05  SCV  
  23  2:13  Command Center  
  23  2:17  SCV  
  24  2:24  Cyclone  
  24  2:29  SCV  
  27  2:35  Barracks Reactor  
  27  2:36  Barracks  
  27  2:41  SCV  
  28  2:48  Supply Depot  
  28  2:53  SCV  
  28  2:58  Factory Tech Lab  
  29  2:59  Barracks  
  29  3:05  SCV  
  30  3:13  Marine x2  
  30  3:17  SCV  
  33  3:24  Factory Tech Lab  
  34  3:27  Orbital Command  
  34  3:29  SCV  
  34  3:31  Marine x2  
  34  3:32  Marine  
  34  3:33  Stimpack  
  37  3:41  SCV  
  38  3:49  Marine x3  
  38  3:52  Combat Shield, Marine  
  38  3:54  SCV  
  38  3:55  SCV  
  44  4:06  SCV  
  44  4:07  SCV  
  44  4:09  Supply Depot, Marauder  
  47  4:11  Marine, Marauder  
  47  4:12  Marine  
  50  4:18  SCV  
  50  4:19  SCV  
  50  4:23  Engineering Bay  
  52  4:29  Marine  
  52  4:30  Marine x2, SCV  
  56  4:31  SCV, Marine  
  58  4:41  Supply Depot x2  
  58  4:42  SCV  
  58  4:44  SCV, Starport  
  58  4:45  Factory Reactor  
  60  4:47  Marine  
  60  4:48  Marine  
  62  4:55  Terran Infantry Weapons Level 1  
  62  5:00  Supply Depot  
  62  5:02  SCV x2, Marine x2  
  62  5:04  Marine  
  62  5:06  Marine  
  64  5:14  SCV x2  
  64  5:20  Marine x2  
  68  5:26  SCV x2  
  68  5:27  Refinery  
  70  5:29  Factory Reactor  
  70  5:30  Medivac x2  
  70  5:34  Supply Depot  
  70  5:35  Marine x2  
  73  5:38  Marine  
  73  5:39  SCV x2  
  78  5:42  Missile Turret  
  78  5:46  Refinery  
  78  5:51  SCV x2  
  78  5:56  Starport  
  80  6:00  Viking  
  80  6:02  Viking  
  86  6:12  Supply Depot  
  86  6:14  Marine x2  
  86  6:17  Marauder x2  
  90  6:22  Supply Depot  
  90  6:30  Viking  
  92  6:32  Viking  
  92  6:37  Marine x2, Supply Depot  
  92  6:38  Marauder x2  
  100  6:43  Viking  
  100  6:44  Viking  
  104  6:48  Concussive Shells  
  104  6:55  Marine  
  104  6:56  Marine  
  104  7:00  Viking  
  108  7:01  Marine x2  
  108  7:02  Viking  
  108  7:08  Supply Depot  
  112  7:09  Supply Depot  
  112  7:10  Missile Turret  
  112  7:13  Viking, Marine  
  115  7:17  Viking  
  121  7:30  Marauder x2  
  121  7:32  Marine x2, Supply Depot  
  123  7:40  Viking x2  
  124  7:51  Marauder x2  
  124  7:54  Viking  
  124  8:01  Marine  
  124  8:03  Marine  
  126  8:11  Viking x2  
  132  8:12  Marauder  
  132  8:14  Marauder  
  132  8:26  Viking x2  
  129  8:34  Marauder  
  129  8:35  Marauder  
  129  8:38  Marine  
  125  8:55  Marauder, Medivac x2  
  126  8:57  Marauder  
  126  9:02  Marine x2  
  127  9:17  Marauder  
  129  9:18  Marauder  
  129  9:20  Marine x2  
  133  9:27  Viking x2  
  133  9:28  Viking x2  
  141  9:37  Marine  
  142  9:57  Marauder  
  142  10:04  Medivac  
  142  10:05  Marine x2  
  142  10:06  Marauder, Medivac  
  136  10:19  Marauder  
  135  10:22  Marine  
  135  10:23  Marine  
  135  10:27  Marauder  
  109  10:39  Marine  
  109  10:40  Marine, Medivac x2  
  109  10:41  Marine  
  108  10:49  Marauder  
  95  10:52  Medivac  
  89  10:58  Marine, Marauder  
  89  10:59  Marine  
  85  11:10  Marauder  
  85  11:19  Marauder  
Show
View Real Time Build Order
Export as new Build Order

SKillous Protoss - Winner!

Build Orders: 1 Gate Expand, Phoenix Opening, Colossus Rush 

Get SALT Encoding   

  12  0:00  Probe  
  13  0:12  Probe  
  14  0:17  Pylon  
  14  0:24  Probe (Chrono Boost)  
  15  0:36  Gateway, Probe (Chrono Boost)  
  15  0:41  Assimilator  
  16  0:45  Probe (Chrono Boost)  
  17  0:52  Probe  
  18  1:04  Probe  
  19  1:16  Probe  
  20  1:23  Cybernetics Core  
  20  1:32  Nexus  
  20  1:39  Pylon  
  20  1:41  Probe  
  21  1:48  Assimilator  
  21  1:54  Probe  
  22  1:58  Adept (Chrono Boost)  
  24  2:06  Probe  
  25  2:16  Stargate  
  25  2:18  Probe  
  25  2:20  Adept (Chrono Boost)  
  28  2:30  Probe  
  28  2:35  Warp Gate  
  29  2:43  Adept  
  32  2:45  Probe (Chrono Boost)  
  32  2:47  Probe (Chrono Boost)  
  33  2:54  Probe (Chrono Boost)  
  33  2:57  Probe (Chrono Boost)  
  33  2:58  Shield Battery  
  35  3:01  Probe, Phoenix (Chrono Boost)  
  38  3:06  Probe  
  39  3:14  Probe  
  39  3:17  Pylon  
  39  3:18  Probe  
  41  3:21  Phoenix (Chrono Boost)  
  41  3:26  Probe  
  44  3:30  Probe  
  45  3:38  Probe (Chrono Boost)  
  45  3:39  Assimilator  
  45  3:41  Phoenix  
  48  3:42  Assimilator  
  48  3:46  Probe (Chrono Boost)  
  49  3:50  Probe (Chrono Boost)  
  49  3:51  Robotics Facility  
  49  3:54  Pylon  
  51  3:58  Probe x2 (Chrono Boost)  
  52  4:07  Probe  
  52  4:08  Gateway, Probe  
  54  4:13  Phoenix  
  56  4:19  Probe  
  56  4:22  Probe  
  58  4:26  Pylon  
  59  4:39  Pylon  
  59  4:40  Immortal (Chrono Boost)  
  59  4:41  Robotics Bay  
  59  4:43  Pylon  
  62  4:48  Sentry  
  62  4:52  Probe x2  
  66  4:54  Shield Battery  
  66  5:07  Sentry  
  66  5:08  Immortal (Chrono Boost)  
  72  5:15  Sentry  
  72  5:18  Pylon  
  72  5:20  Pylon, Probe x2  
  77  5:36  Nexus  
  77  5:37  Colossus (Chrono Boost)  
  77  5:41  Extended Thermal Lance  
  82  5:46  Shield Battery  
  82  5:47  Probe  
  82  5:48  Probe  
  84  5:58  Forge  
  84  5:59  Twilight Council, Probe  
  84  6:01  Probe  
  86  6:11  Probe  
  87  6:12  Gateway  
  87  6:13  Gateway  
  88  6:21  Colossus (Chrono Boost)  
  93  6:27  Probe  
  93  6:28  Probe, Pylon  
  93  6:30  Protoss Ground Weapons Level 1 (Chrono Boost)  
  93  6:32  Pylon  
  95  6:37  Charge  
  95  6:43  Probe x2  
  95  6:46  Zealot x2  
  101  6:49  Phoenix  
  101  6:50  Probe  
  101  6:53  Phoenix  
  104  6:56  Probe  
  104  6:58  Probe  
  106  7:02  Probe  
  106  7:03  Colossus  
  113  7:12  Gateway x2  
  113  7:17  Templar Archives  
  113  7:19  Gateway  
  113  7:22  Phoenix  
  113  7:26  Gateway  
  113  7:28  Pylon  
  115  7:35  Stalker x2  
  117  7:38  Stalker  
  118  7:47  Stalker  
  120  7:54  Phoenix  
  120  7:56  Probe  
  121  7:58  Warp Prism  
  121  8:06  Zealot x3  
  121  8:10  Zealot x2  
  121  8:11  Shield Battery  
  121  8:12  Photon Cannon  
  127  8:13  Pylon  
  127  8:14  Probe  
  127  8:18  Probe  
  126  8:20  Phoenix  
  126  8:21  Zealot x3  
  131  8:32  Stalker  
  133  8:34  Gateway  
  133  8:38  Gateway  
  133  8:42  Protoss Ground Armor Level 1 (Chrono Boost)  
  133  8:46  Pylon  
  133  8:47  Pylon  
  129  8:58  High Templar x2  
  129  8:59  Nexus  
  129  9:01  Zealot x2  
  129  9:02  Zealot x3  
  133  9:03  Archon  
  133  9:04  Probe  
  134  9:10  Blink (Chrono Boost)  
  134  9:24  Zealot x3  
  134  9:26  High Templar  
  134  9:29  High Templar  
  134  9:30  Zealot x2  
  146  9:35  Archon, Shield Battery  
  138  9:41  Disruptor (Chrono Boost)  
  134  9:46  Zealot x6  
  134  9:50  Zealot  
  148  9:53  Pylon  
  148  10:04  Zealot  
  146  10:09  Zealot x2  
  146  10:11  Disruptor  
  152  10:17  Zealot x2  
  152  10:18  Zealot x4  
  152  10:28  Zealot x2  
  136  10:32  Stalker x2  
  118  10:38  Zealot x3  
  118  10:42  High Templar  
  118  10:43  High Templar  
  118  10:44  Zealot  
  118  10:49  Archon  
  118  10:52  Zealot x2  
  116  10:57  Zealot  
Tags
 
Add a new tag
Caveats
  • Supply blocks, unpowered buildings, or Contaminate may cause inaccurate times.
  • Supply counts are checked every 10 seconds.